 Dungeon Crawl Stone Soup version 0.18.1-48-g4cf74bf (webtiles) character file.

14532 Heedrag the Destroyer (level 11, -3/61 HPs)
             Began as a Deep Elf Conjurer on July 30, 2016.
             Was a Priest of Vehumet.
             Killed from afar by Galewin's ghost (37 damage)
             ... with a bolt of negative energy
             ... on level 11 of the Dungeon.
             The game lasted 00:43:02 (14294 turns).

Heedrag the Destroyer (Deep Elf Conjurer)          Turns: 14294, Time: 00:43:03

Health: -3/61      AC:  9    Str:  6    XL:     11   Next: 89%
Magic:  7/28       EV: 19    Int: 24    God:    Vehumet [***...]
Gold:   731        SH:  0    Dex: 15    Spells: 5 memorised, 19 levels left

rFire  . . .     SeeInvis .     B - +2 blowgun (evade)
rCold  + + .     Gourm    +     R - +0 troll leather armour
rNeg   . . .     Faith    .     (no shield)
rPois  .         Spirit   .     U - +2 hat {Int+3}
rElec  .         Dismiss  .     (no cloak)
rCorr  .         Reflect  .     (no gloves)
SustAt .         Harm     .     (no boots)
MR     +....                    F - amulet of the gourmand
Stlth  ++++......               D - ring of stealth
                                y - ring of protection from cold

@: heavily drained, somewhat resistant to hostile enchantments, stealthy
A: rugged brown scales 1, yellow scales 1, camouflage 1, cold resistance 1, weak
1, subdued magic 1
a: Renounce Religion


You were on level 11 of the Dungeon.
You worshipped Vehumet.
Vehumet was most pleased with you.
You were completely stuffed.

You visited 2 branches of the dungeon, and saw 12 of its levels.
You also visited: Sewer.

You collected 780 gold pieces.
You spent 49 gold pieces at shops.

Inventory:

Hand Weapons
 w - a +0 dagger
 B - a +2 blowgun of evasion (weapon)
 G - a +0 dagger of flaming
Missiles
 q - 6 curare-tipped needles
 A - 47 poisoned needles (quivered)
Armour
 a - a +0 robe
 i - a fire dragon hide
 R - a +0 troll leather armour (worn)
 U - a +2 hat of intelligence (worn)
Jewellery
 y - a ring of protection from cold (left hand)
 D - a ring of stealth (right hand)
 E - an uncursed ring of fire
 F - an amulet of the gourmand (around neck)
Wands
 n - a wand of lightning (10/15)
 H - a wand of flame (26/48)
 I - a wand of paralysis (6/24)
 K - a wand of confusion (26/48)
Scrolls
 d - 4 scrolls of remove curse
 e - 3 scrolls of enchant weapon
 l - a scroll of magic mapping
 o - 7 scrolls of identify
 p - 4 scrolls of random uselessness
 t - a scroll of enchant armour
 u - a scroll of blinking
 C - 4 scrolls of amnesia
 L - 2 scrolls of teleportation
 M - 3 scrolls of fog {unknown}
 N - 3 scrolls of immolation {unknown}
Potions
 f - 8 potions of flight {unknown}
 h - a potion of agility
 j - 5 potions of invisibility
 k - a potion of might {unknown}
 m - 7 potions of lignification {unknown}
 r - 3 potions of mutation {unknown}
 s - 3 potions of degeneration {unknown}
 v - 4 potions of heal wounds {unknown}
 x - 2 potions of brilliance {unknown}
 J - a potion of haste
 Q - 2 potions of cancellation {unknown}
 Y - a potion of curing
Books
 b - a book of Conjurations

   Spells                             Type                      Level
   a - Magic Dart                     Conjuration                  1
   b - Searing Ray                    Conjuration                  2
   c - Dazzling Spray                 Conjuration/Hexes            3
   d - Fulminant Prism                Conjuration/Hexes            4
   e - Iskenderun's Mystic Blast      Conjuration                  4
   f - Iskenderun's Battlesphere      Conjuration/Charms           5
 T - a book of Cantrips

   Spells                             Type                      Level
   a - Corona                         Hexes                        1
   b - Animate Skeleton               Necromancy                   1
   c - Summon Small Mammal            Summoning                    1
   d - Apportation                    Translocation                1
 V - a book of Clouds

   Spells                             Type                      Level
   a - Mephitic Cloud                 Conjuration/Poison/Air       3
   b - Conjure Flame                  Conjuration/Fire             3
   c - Poisonous Cloud                Conjuration/Poison/Air       6
   d - Freezing Cloud                 Conjuration/Ice/Air          6
   e - Ring of Flames                 Charms/Fire                  7
 X - a book of Alchemy

   Spells                             Type                      Level
   a - Sublimation of Blood           Necromancy                   2
   b - Ignite Poison                  Fire/Transmutation/Poison    3
   c - Petrify                        Transmutation/Earth          4
   d - Alistair's Intoxication        Transmutation/Poison         5
   e - Irradiate                      Conjuration/Transmutation    5
Miscellaneous
 S - a legendary deck of war
Comestibles
 c - 14 bread rations
 g - 7 slices of pizza
 z - 5 meat rations
 O - 3 fruits
 P - a beef jerky
 W - 2 chunks of flesh


   Skills:
 + Level 3.6(2.3) Fighting
 + Level 2.9(1.7) Armour
 + Level 7.0(5.6) Dodging
 - Level 2.4(1.1) Stealth
 + Level 11.7(10.1) Spellcasting
 * Level 13.7(12.0) Conjurations
 - Level 10.4(8.9) Charms
 + Level 5.3(4.0) Fire Magic


You had 19 spell levels left.
You knew the following spells:

 Your Spells              Type           Power        Failure   Level  Hunger
a - Magic Dart            Conj           ####         1%          1    None
b - Dazzling Spray        Conj/Hex       ####..       1%          3    None
c - Iskenderun's Mystic   Conj           ######..     1%          4    #......
d - Iskenderun's Battles  Conj/Chrm      #####...     1%          5    ####...
e - Flame Tongue          Conj/Fire      #####        1%          1    None


Dungeon Overview and Level Annotations

Branches:
Dungeon (11/15)            Temple (1/1) D:7            Lair (0/8) D:10
    Orc: D:9-12

Altars:
Ashenzari
Cheibriados
Dithmenos
Elyvilon
Fedhas
Gozag
Kikubaaqudgha
Makhleb
Nemelex Xobeh
Okawaru
Pakellas
Qazlal
Ru
Sif Muna
Trog
Vehumet
Xom
Yredelemnul
Zin
The Shining One

Shops:
D:5 :[*   D:6 ?

Portals:
Trove: D:11 (give 16 scrolls of teleportation)

Annotations:
D:4 exclusion: downstairs
D:10 Nergalle
D:11 Galewin's ghost, journeyman DrBe


Innate Abilities, Weirdness & Mutations

You are partially covered in rugged brown scales (AC +1, +3% HP).
You are partially covered in yellow scales (AC +2).
Your skin changes colour to match your surroundings (Stealth).
Your flesh is cold resistant.
You are weak. (Str -2)
Your spells are a little easier to cast, but a little less powerful.


Message History

Galewin's ghost be heavily damaged.
Galewin's ghost hits yer battlesphere!
Castin': Iskenderun's Mestic Blast Confirm wit' . or Enter, or press ? or * ta list all spells.
Aimin': Iskenderun's Mestic Blast
Press: ? - help, Shift-Dir - straight line, f/p - Galewin's ghost
Aim: Galewin's ghost (heavily damaged) Tha orb o' energy hits Galewin's ghost.
Galewin's ghost be severely damaged.
Yer battlesphere fires!
Tha barrage o' energy hits Galewin's ghost.
Galewin's ghost be severely damaged.
Galewin's ghost hits yer battlesphere!
Yer battlesphere be destroyed!
Galewin's ghost breathas negative energy at ye.
Tha bolt o' negative energy hits ye!
Ye feel drain'd.
Galewin's ghost breathas negative energy at ye.
Tha bolt o' negative energy hits ye!
Ye feel drain'd.
Ouch! Tha re'lly hurt!
Ye die...

##..## #.......
#...#######...(...
#.................
#.................
#.................
#.#########......[
#.# #.?..... #.#
#....... #@#
#....... #.#
#....... #.#
#....... #.#
#....... #.#
#....... #W#
#....... #.#
#....... #.#
#....... #.#
#.......


You could see Galewin's ghost.

Vanquished Creatures
  Gastronok (D:10)
  Sonja (D:11)
  An unseen horror (D:11)
  2 hill giants (D:11)
  Pikel (D:9)
  Joseph (D:9)
  An ugly thing (D:11)
  2 gargoyles
  3 trolls
  A merfolk (D:10)
  Grinder (D:5)
  Prince Ribbit (D:9)
  A water elemental (D:11)
  A vampire (D:9)
  2 wyverns
  10 yaks
  2 hippogriffs
  5 orc warriors
  An ice beast (D:11)
  A sky beast (D:6)
  2 eyes of draining
  5 phantoms
  4 ogres
  A centaur (D:9)
  A crocodile (D:7)
  4 big kobolds
  6 giant frogs
  A gnoll sergeant (D:9)
  4 scorpions
  8 killer bees
  2 electric eels (D:6)
  9 wights
  16 howler monkeys
  4 crimson imps
  3 hounds
  7 orc priests
  A giant frog skeleton (D:6)
  10 orc wizards
  Terence (D:2)
  Ijyb (D:2)
  6 iguanas
  8 worker ants
  4 worker ant zombies
  8 gnolls
  17 adders
  A river rat (Sewer)
  4 shadow imps
  2 adder skeletons
  3 worms
  A dart slug (D:2)
  A giant gecko (D:11)
  36 orcs
  3 ball pythons
  5 bats (D:3)
  5 giant cockroaches
  8 goblins
  16 jackals
  2 quokkas
  A giant gecko skeleton (D:9)
  A giant gecko zombie (D:7)
  3 giant newts
  21 kobolds
  14 rats
  A plant (D:11)
300 creatures vanquished.

Vanquished Creatures (others)
  3 slaves (D:9)
  A worker ant (D:9)
  11 plants (D:11)
15 creatures vanquished.

Grand Total: 315 creatures vanquished

Notes
Turn   | Place    | Note
--------------------------------------------------------------
     0 | D:1      | Heedrag the Deep Elf Conjurer began the quest for the Orb.
     0 | D:1      | Reached XP level 1. HP: 10/10 MP: 6/6
   375 | D:1      | Reached XP level 2. HP: 13/15 MP: 5/8
   620 | D:2      | Noticed Ijyb
   664 | D:2      | Killed Ijyb
   664 | D:2      | Reached skill level 5 in Conjurations
   664 | D:2      | Reached XP level 3. HP: 9/19 MP: 0/10
   669 | D:2      | Learned a level 3 spell: Dazzling Spray
   763 | D:2      | Found a sparkling altar of Nemelex Xobeh.
  1093 | D:2      | Noticed Terence
  1114 | D:2      | Reached XP level 4. HP: 24/24 MP: 9/12
  1147 | D:2      | Found a stormy altar of Qazlal.
  1487 | D:3      | Reached skill level 6 in Conjurations
  1595 | D:3      | Learned a level 4 spell: Iskenderun's Mystic Blast
  1742 | D:3      | Reached XP level 5. HP: 28/28 MP: 5/14
  1807 | D:3      | Learned a level 5 spell: Iskenderun's Battlesphere
  2291 | D:3      | Reached skill level 5 in Spellcasting
  2291 | D:3      | Reached skill level 1 in Charms
  2567 | D:4      | Reached XP level 6. HP: 31/32 MP: 8/15
  2840 | D:4      | Reached skill level 7 in Conjurations
  3757 | D:5      | Entered Level 5 of the Dungeon
  3757 | D:5      | Noticed Grinder
  3818 | D:5      | Reached XP level 7. HP: 32/36 MP: 2/17
  3981 | D:5      | Found Vuqacrut's Assorted Antiques.
  4065 | D:5      | Found a glowing drain.
  4076 | Sewer    | Entered a sewer
  4200 | Sewer    | Reached skill level 8 in Conjurations
  4329 | Sewer    | Found a white marble altar of Elyvilon.
  4457 | D:5      | Found Otoocoex's Book Shoppe.
  4470 | D:5      | Found Xar Ohuh's Armour Emporium.
  4900 | D:5      | Found a bloodstained altar of Trog.
  4936 | D:5      | Reached skill level 5 in Charms
  5279 | D:5      | Killed Grinder
  5279 | D:5      | Reached skill level 9 in Conjurations
  5279 | D:5      | Reached XP level 8. HP: 41/41 MP: 9/20
  5375 | D:6      | Found Ceacoeso's Magic Scroll Emporium.
  5506 | D:6      | Bought a scroll of magic mapping for 49 gold pieces
  5705 | D:6      | Found a sparkling altar of Nemelex Xobeh.
  5808 | D:2      | Found a glowing silver altar of Zin.
  5815 | D:2      | Killed Terence
  5869 | D:2      | Found a glowing golden altar of the Shining One.
  5870 | D:2      | Found a shattered altar of Ashenzari.
  6317 | D:6      | Reached skill level 10 in Conjurations
  6322 | D:6      | Gained mutation: You are weak. (Str -2) [mutagenic meat]
  6323 | D:6      | Gained mutation: You are partially covered in rugged brown scales (AC +1, +3% HP). [mutagenic meat]
  6324 | D:6      | Gained mutation: Your flesh is cold resistant. [mutagenic meat]
  6325 | D:6      | Gained mutation: You are partially covered in yellow scales (AC +2). [mutagenic meat]
  6326 | D:6      | Gained mutation: Your skin changes colour to match your surroundings (Stealth). [mutagenic meat]
  7104 | D:6      | Reached XP level 9. HP: 16/46 MP: 14/23
  7730 | D:7      | Reached skill level 11 in Conjurations
  8265 | D:7      | Found a snail-covered altar of Cheibriados.
  8330 | D:7      | Found a bloodstained altar of Trog.
  8887 | D:7      | Found a staircase to the Ecumenical Temple.
  8893 | Temple   | Entered the Ecumenical Temple
  8971 | Temple   | Became a worshipper of Vehumet
  9247 | D:8      | Found a deep blue altar of Sif Muna.
 10087 | D:8      | Reached XP level 10. HP: 51/51 MP: 12/25
 10098 | D:8      | Reached * piety under Vehumet
 10098 | D:8      | Offered knowledge of Flame Tongue by Vehumet.
 10101 | D:8      | Learned a level 1 spell: Flame Tongue
 10455 | D:8      | Reached skill level 12 in Conjurations
 10570 | D:9      | Reached skill level 10 in Spellcasting
 10570 | D:9      | Reached skill level 1 in Fire Magic
 10713 | D:9      | Reached skill level 10 in Charms
 10722 | D:9      | Noticed Joseph
 10729 | D:9      | Killed Joseph
 10741 | D:9      | Noticed Pikel
 10749 | D:9      | Killed Pikel
 10910 | D:9      | Noticed a gargoyle
 10919 | D:9      | Killed a gargoyle
 11271 | D:9      | Found an oddly glowing altar of Pakellas.
 11325 | D:9      | Noticed Prince Ribbit
 11330 | D:9      | Killed Prince Ribbit
 11442 | D:9      | Reached skill level 1 in Fighting
 11901 | D:10     | Entered Level 10 of the Dungeon
 11951 | D:10     | Offered knowledge of Throw Frost by Vehumet.
 12106 | D:10     | Noticed a gargoyle
 12112 | D:10     | Killed a gargoyle
 12112 | D:10     | Reached skill level 5 in Dodging
 12164 | D:10     | Found a shattered altar of Ashenzari.
 12192 | D:10     | Reached ** piety under Vehumet
 12196 | D:10     | Reached skill level 1 in Armour
 12196 | D:10     | Reached XP level 11. HP: 58/58 MP: 19/27
 12707 | D:9      | Reached skill level 13 in Conjurations
 12849 | D:10     | Noticed Nergalle
 12878 | D:10     | Found a staircase to the Lair.
 12892 | D:10     | Noticed Gastronok
 12908 | D:10     | Killed Gastronok
 13220 | D:11     | Noticed Sonja
 13223 | D:11     | Killed Sonja
 13223 | D:11     | Offered knowledge of Static Discharge by Vehumet.
 13393 | D:11     | Noticed a hill giant
 13397 | D:11     | Killed a hill giant
 13397 | D:11     | Reached skill level 5 in Fire Magic
 13627 | D:11     | Found a shadowy altar of Dithmenos.
 13652 | D:11     | Reached *** piety under Vehumet
 13683 | D:11     | Killed an unseen horror
 13929 | D:11     | Noticed a purple ugly thing
 13935 | D:11     | Killed a purple ugly thing
 13946 | D:11     | Gained mutation: Your spells are a little easier to cast, but a little less powerful. [mutagenic meat]
 14102 | D:11     | Noticed a hill giant
 14106 | D:11     | Killed a hill giant
 14157 | D:11     | Found a portal to a secret trove of treasure.
 14278 | D:11     | Noticed Galewin's ghost (journeyman DrBe)
 14294 | D:11     | Killed from afar by Galewin's ghost

Skill      XL: |  1  2  3  4  5  6  7  8  9 10 11 |
---------------+----------------------------------+-----
Conjurations   | 5 6 7 9 10 11 12 13 | 13.7
Spellcasting   | 4 5 6 8 9 10 11 | 11.7
Charms         | 2 3 5 7 9 10 | 10.4
Fire Magic     | 3 5 |  5.3
Dodging        | 5 7 |  7.0
Fighting       | 1 3 |  3.6
Armour         | 1 2 |  2.9
Stealth        | |  2.4

Action                   |  1- 3 |  4- 6 |  7- 9 | 10-12 || total
-------------------------+-------+-------+-------+-------++-------
Melee: Unarmed           |    47 |       |       |       ||    47
       Dagger            |       |       |       |     8 ||     8
       Blowgun           |       |       |       |     1 ||     1
 Fire: Blowgun           |       |    26 |    14 |     8 ||    48
 Cast: Magic Dart        |    53 |   142 |   286 |   269 ||   750
       Dazzling Spray    |       |     5 |     5 |       ||    10
       Iskenderun's Batt |       |       |    43 |    49 ||    92
       Iskenderun's Myst |       |       |     1 |    30 ||    31
  Use: Scroll            |       |       |    11 |     1 ||    12
       Potion            |       |       |       |     1 ||     1
  Eat: Chunk             |     1 |     8 |    35 |    23 ||    67
       Meat ration       |       |       |     2 |       ||     2
Armor: Robe              |     8 |     3 |     9 |     3 ||    23
       Troll leather arm |       |       |       |    11 ||    11
Dodge: Dodged            |    39 |    24 |    65 |   100 ||   228
